Match 43690496
Unlisted

Match 43690496
End
Kradschützen Motorcycle Team
Panzerpioneer Squad
Panzergrenadier Squad
Construct Light Support Kompanie
MG34 Team
Panzerjäger Squad
Fire Support Elements
Flakvierling Half-track
Panzergrenadier Squad
2.5-tonne Medical Truck
Veteran Squad Leaders
Bish Bash Bosh
gicobiwolfe
Blanco
MoriMusic
lll
PasDeQuartier
Terran
bilibuzz
0
0

Comments sign in to comment!

No comments posted yet!